 Dungeon Crawl Stone Soup version 0.15-a0-1646-g393eda0 (webtiles) character file.

67 Nikss the Firebug (level 4, 0/31 HPs)
             Began as a Demonspawn Fire Elementalist on June 22, 2014.
             Slain by a worm (7 damage)
             ... on Level 2 of the Dungeon.
             The game lasted 00:18:16 (2641 turns).

Nikss the Firebug (Demonspawn Fire Elementalist)    Turns: 2641, Time: 00:18:16

HP   0/31        AC  7     Str  9      XL: 4   Next:  0%
MP   1/8         EV 11     Int 16      God:
Gold 64          SH  0     Dex 14      Spells:  1 memorised,  6 levels left

rFire  . . .     SeeInvis .     p - +1 dagger (elec)
rCold  + . .     Clarity  .     e - +1 leather armour
rNeg   . . .     rCorr    .     (no shield)
rPois  .         rRot     .     (no helmet)
rElec  .         Spirit   .     (no cloak)
SustAb .         Warding  .     (no gloves)
rMut   .         Stasis   .     (no boots)
Gourm  .                        (no amulet)
MR     .....                    (no ring)
                                (no ring)

@: not resistant to hostile enchantments, unstealthy
A: slimy green scales 2, cold resistance 1
a: no special abilities


You were on level 2 of the Dungeon.
You were not hungry.

You visited 1 branch of the dungeon, and saw 2 of its levels.

You collected 64 gold pieces.

Inventory:

Hand weapons
 g - a +0 club
 h - a +0 club
 k - a +0 short sword
 m - a +0 hand axe
 p - a +1 dagger of electrocution (weapon)
 r - a +1 dagger of protection
 s - a +0 club
 u - a +0 club
 y - a +0 club
 A - a +0 whip
 C - a +0 dagger
 D - a +0 sling
 F - a +1 mace
Missiles
 d - 34 bolts
 f - 4 large rocks
 i - 15 stones (quivered)
 j - 11 arrows
Armour
 a - a +0 robe
 e - a +1 leather armour (worn)
 o - a +0 robe
 E - a +0 robe
Comestibles
 c - a bread ration
 q - a rotting chunk of giant newt flesh
 t - a chunk of giant gecko flesh
 v - a chunk of hobgoblin flesh
 x - a chunk of bat flesh
 G - 3 chunks of hobgoblin flesh
Scrolls
 l - a scroll of remove curse
 n - 2 scrolls of identify
 w - a scroll of immolation
 z - a scroll of noise {unknown}
 B - a scroll of amnesia {unknown}
Books
 b - a book of Flames

   Spells                             Type                      Level
   *Flame Tongue                      Conjuration/Fire             1
   Throw Flame                        Conjuration/Fire             2
   Conjure Flame                      Conjuration/Fire             3
   Inner Flame                        Hexes/Fire                   3
   Sticky Flame                       Conjuration/Fire             4
   Fireball                           Conjuration/Fire             5


   Skills:
 + Level 0.4 Fighting
 + Level 1.1 Armour
 + Level 2.2 Dodging
 + Level 2.0 Stealth
 + Level 2.4 Spellcasting
 + Level 1.4 Conjurations
 + Level 3.1 Fire Magic


You had 6 spell levels left.
You knew the following spells:

 Your Spells              Type           Power        Failure   Level  Hunger
a - Flame Tongue          Conj/Fire      #....        10%         1    #......


Dungeon Overview and Level Annotations

Branches:
Dungeon (2/15)

Altars:


Innate Abilities, Weirdness & Mutations

You are mostly covered in slimy green scales (AC +3).
Your flesh is cold resistant.


Message History

Casting: Flame Tongue
Confirm with . or Enter, or press ? or * to list all spells.
Aiming: Flame Tongue
Press: ? - help, Shift-Dir - straight line, f/p - worm
Aim: a worm (severely wounded)
The flame tongue hits the worm.
The worm appears unharmed.
The worm is severely wounded.
The worm bites you!
* * * LOW HITPOINT WARNING * * *
Casting: Flame Tongue
Confirm with . or Enter, or press ? or * to list all spells.
You don't have enough magic to cast that spell.
Unknown command.
Unknown command.
You barely miss the worm.
The worm is severely wounded.
You hit the worm but do no damage.
The worm is severely wounded.
The worm bites you!
You die...

#..#.##.#
#.......####.#
##.#.........#
###.......#########
............>.....#
#########.#######.#
#.# #.# #.#######.#
....gs.w@.#
#.######### #.# #.#
#.#


You could see a worm, a giant cockroach (sleeping) and a goblin.

Vanquished Creatures
  2 adders (D:2)
  2 worms (D:2)
  A giant gecko (D:2)
  2 giant cockroaches
  7 goblins
  4 hobgoblins
  6 bats
  4 giant newts
  4 jackals (D:1)
  4 kobolds
  3 rats (D:1)
39 creatures vanquished.

Notes
Turn   | Place    | Note
--------------------------------------------------------------
     0 | D:1      | Nikss, the Demonspawn Fire Elementalist, began the quest for the Orb.
     0 | D:1      | Reached XP level 1. HP: 13/13 MP: 3/3
   577 | D:1      | Reached skill level 3 in Fire Magic
   577 | D:1      | Gained mutation: Your flesh is cold resistant. [demonic ancestry]
   577 | D:1      | Reached XP level 2. HP: 10/19 MP: 0/4
  2048 | D:2      | Gained mutation: You are partially covered in slimy green scales (AC +2). [demonic ancestry]
  2048 | D:2      | Reached XP level 3. HP: 24/24 MP: 1/6
  2580 | D:2      | Reached skill level 1 in Armour
  2586 | D:2      | Gained mutation: You are mostly covered in slimy green scales (AC +3). [demonic ancestry]
  2586 | D:2      | Reached XP level 4. HP: 31/31 MP: 1/8
  2641 | D:2      | Slain by a worm

Action                   |  1- 3 |  4- 6 || total
-------------------------+-------+-------++-------
Melee: Club              |    16 |       ||    16
       Dagger            |    10 |     2 ||    12
Throw: Stone             |     7 |       ||     7
 Cast: Flame Tongue      |    61 |     6 ||    67
  Use: Scroll            |     8 |       ||     8
       Potion            |     5 |       ||     5
